 Dungeon Crawl Stone Soup version 0.25-a0-1133-g93ebf73 (webtiles) character file.

Game seed: 16237950008199314950, levelgen mode: deterministic

138 Illumine the Chiller (level 5, -3/30 HPs)
             Began as a Gargoyle Ice Elementalist on May 19, 2020.
             Killed by nerve-wracking pain
             ... invoked by Grinder
              (7 damage)
             ... on level 3 of the Dungeon on May 21, 2020.
             The game lasted 00:06:35 (3011 turns).

Illumine the Chiller (Gargoyle Ice Elementalist)    Turns: 3011, Time: 00:06:36

Health: -3/30      AC:  7    Str: 11    XL:     5   Next: 21%
Magic:  6/9        EV: 12    Int: 17    God:
Gold:   168        SH:  0    Dex: 10    Spells: 5/9 levels left

rFire    . . .     SeeInvis .   q - +0 long sword
rCold    . . .     Gourm    .   (no shield)
rNeg     + . .     Faith    .   a - +0 robe
rPois    ∞         Spirit   .   (no helmet)
rElec    +         Reflect  .   s - +0 cloak
rCorr    .         Harm     .   (no gloves)
MR       .....                  (no boots)
Stlth    ++........             (no amulet)
HPRegen  0.10/turn              (no ring)
MPRegen  0.11/turn              (no ring)

@: mighty
A: negative energy resistance 1, electricity resistance, unbreathing,
petrification resistance, rot immunity, AC +4
a: no special abilities


You were on level 3 of the Dungeon.
You were not hungry.

You visited 1 branch of the dungeon, and saw 3 of its levels.

You collected 168 gold pieces.

Inventory:

Hand Weapons
 q - a +0 long sword (weapon)
 r - a +1 dagger of flaming
Missiles
 d - 40 poisoned darts (quivered)
 g - 206 stones
Armour
 a - a +0 robe (worn)
 s - a +0 cloak (worn)
 t - a +0 buckler
Jewellery
 v - a +4 ring of evasion {unknown}
Wands
 o - a wand of random effects (10)
Scrolls
 e - 3 scrolls of teleportation {unknown}
 h - 4 scrolls of identify {unknown}
 i - 3 scrolls of fog {unknown}
 k - 2 scrolls of fear {unknown}
 m - 3 scrolls of remove curse {unknown}
 n - 2 scrolls of enchant armour {unknown}
Potions
 b - 2 potions of stabbing {unknown}
 j - a potion of curing {unknown}
 l - a potion of heal wounds {unknown}
 p - a potion of brilliance {unknown}
Comestibles
 c - 7 rations


   Skills:
 + Level 2.1 Fighting
 + Level 1.3 Armour
 + Level 2.4 Dodging
 - Level 2.2 Stealth
 + Level 2.8 Spellcasting
 + Level 4.6 Ice Magic


You had 5 spell levels left.
You knew the following spells:

 Your Spells              Type           Power        Failure   Level  Hunger
a - Freeze                Ice            ###.         2%          1    #......
b - Frozen Ramparts       Ice            ###...       9%          3    ###....

Your spell library contained the following spells:

 Spells                   Type           Power        Failure   Level  Hunger
 Ozocubu's Armour         Chrm/Ice       ##......     21%         3    ###....
 Hailstorm                Conj/Ice       ##......     56%         4    #####..
 Summon Ice Beast         Ice/Summ       ##......     56%         4    #####..


Dungeon Overview and Level Annotations

Branches:
Dungeon (3/15)

Altars:
Gozag

Annotations:
D:3 Grinder


Innate Abilities, Weirdness & Mutations

You are resistant to torment.
Your stone body is resilient. (AC +4)
You are immune to poison.
You resist negative energy. (rN+)
You are resistant to electric shocks. (rElec)
You can survive without breathing.
You are immune to petrification.
You are immune to rotting.


Message History

Unknown command.
Something hits you.
* * * LOW HITPOINT WARNING * * *
You writhe in agony.
* * * LOW HITPOINT WARNING * * *
Evoke which item? (* to show all) (? for menu, Esc to quit)
Aiming: Random Effects
Press: ? - help, Shift-Dir - straight line Something hits you but does no damage. x2
You suddenly lose the ability to move!
You can move again.
You miss something. Something hits you.
* * * LOW HITPOINT WARNING * * *
You shrug off the repeated paralysis!
Unknown command.
You feel very mighty all of a sudden. Something hits you but does no damage.
You are unaffected.
Pain shoots through your body!
You die...

###..##...####.........#
#........# #..##.#####
#..#####.# ##..##.#######
#.####...........(##
#...#..............##
#.#######.#...............#
..........................#
.######...#.......[.......#
......###....@...<.....^#
####### #...............#
##.............##
##.)...#.....##
##..######### #..# #....
#..... #......


There were no monsters in sight!

Vanquished Creatures
  Crazy Yiuf (D:2)
  An orc wizard (D:2)
  A gnoll (D:1)
  An adder (D:2)
  An ooze (D:2)
  A worm (D:2)
  2 dart slugs (D:1)
  3 leopard geckos
  3 orcs
  4 bats
  A giant cockroach (D:2)
  5 goblins
  4 hobgoblins
  3 jackals (D:1)
  A quokka (D:2)
  4 frilled lizards
  5 kobolds
  8 rats
49 creatures vanquished.

Notes
Turn   | Place    | Note
-------+----------+-------------------------------------------
     0 | D:1      | Illumine the Gargoyle Ice Elementalist began the quest for
                  | the Orb.
     0 | D:1      | Reached XP level 1. HP: 10/10 MP: 3/3
   434 | D:1      | Reached XP level 2. HP: 11/16 MP: 0/5
   649 | D:1      | Upgraded the game from 0.25-a0-1130-g3926558 to
                  | 0.25-a0-1132-g9d38388
   808 | D:1      | Reached skill level 1 in Fighting
   810 | D:1      | Reached XP level 3. HP: 16/20 MP: 2/6
  1275 | D:2      | Learned a level 3 spell: Frozen Ramparts
  1275 | D:2      | Upgraded the game from 0.25-a0-1132-g9d38388 to
                  | 0.25-a0-1133-g93ebf73
  1547 | D:2      | Reached XP level 4. HP: 20/25 MP: 2/7
  1690 | D:2      | Found an opulent altar of Gozag.
  1749 | D:2      | Found a runed translucent door.
  1750 | D:2      | Noticed Crazy Yiuf
  1769 | D:2      | Killed Crazy Yiuf
  2506 | D:3      | Reached skill level 1 in Armour
  2663 | D:2      | Reached XP level 5. HP: 5/30 MP: 3/9
  2971 | D:3      | Noticed Grinder
  2999 | D:3      | Paralysed by something for 2 turns
  3011 | D:3      | Killed from afar by Grinder

Illustrated notes

Levels and vault maps discovered:
D:1:      dpeg_arrival_signposts, layout_rooms
D:2:      layout_loops_ring, grunt_gozag_breadcrumbs, uniq_crazy_yiuf_cottage
D:3:      layout_rooms, uniq_grinder, uniq_terence

Skill      XL: |  1  2  3  4 |
---------------+-------------+-----
Fighting       | 1 2 |  2.1
Dodging        | 2 |  2.4
Armour         | 1 |  1.3
Stealth        | |  2.2
Spellcasting   | |  2.8
Ice Magic      | |  4.6

Action                   |  1- 3 |  4- 6 || total
-------------------------+-------+-------++-------
Melee: Unarmed           |     2 |       ||     2
       Long sword        |     6 |    17 ||    23
Throw: Dart              |     4 |     3 ||     7
 Cast: Freeze            |    47 |    26 ||    73
       Frozen Ramparts   |       |     3 ||     3
Evoke: Wand              |       |     5 ||     5
  Use: Potion            |       |     1 ||     1
 Stab: Sleeping          |       |     1 ||     1
  Eat: Chunk             |     2 |     5 ||     7
Armor: Robe              |    12 |    14 ||    26
Dodge: Dodged            |    26 |    22 ||    48
       Rpst.: Long sword |     5 |     7 ||    12

Table legend:
 A = Non-vault XP
 B = Vault XP
 C = Vault XP percentage of total XP
 D = Non-vault monster count
 E = Vault monster count
 F = Vault count percentage of total count
                 A         B        C        D         E       F
            +---------+---------+-------+---------+---------+-------
      Total |     156 |      42 |  21.2 |      48 |       1 |   2.0
            +---------+---------+-------+---------+---------+-------
        D:1 |      50 |       0 |   0.0 |      21 |       0 |   0.0
        D:2 |      90 |      42 |  31.8 |      18 |       1 |   5.3
        D:3 |      16 |       0 |   0.0 |       9 |       0 |   0.0
            +---------+---------+-------+---------+---------+-------
